 Dungeon Crawl Stone Soup version 0.19.3 (webtiles) character file.

464 nono the Ducker (level 7, -1/44 HPs)
             Began as a Halfling Assassin on Jan 23, 2017.
             Slain by Grinder (2 damage)
             ... while paralysed by Grinder
             ... on level 4 of the Dungeon.
             The game lasted 00:10:43 (3977 turns).

nono the Ducker (Halfling Assassin)                 Turns: 3977, Time: 00:10:43

Health: -1/44      AC:  8    Str: 14    XL:     7   Next: 29%
Magic:  7/7        EV:  3    Int:  9    God:
Gold:   192        SH:  0    Dex: 16    Spells: 1 memorised, 4 levels left

rFire  . . .     SeeInvis +     A - +1 dagger (venom)
rCold  + . .     Gourm    .     i - +1 ring mail (curse)
rNeg   . . .     Faith    .     (shield restricted)
rPois  .         Spirit   .     (no helmet)
rElec  .         Reflect  .     d - +0 cloak
rCorr  .         Harm     .     (no gloves)
MR     .....                    (no boots)
Stlth  ++........               (no amulet)
                                o - ring of see invisible
                                H - ring of protection from cold

@: paralysed
A: mutation resistance 1
a: no special abilities


You were on level 4 of the Dungeon.
You were hungry.

You visited 1 branch of the dungeon, and saw 4 of its levels.

You collected 192 gold pieces.

Inventory:

Hand Weapons
 a - a +2 dagger
 b - a +0 blowgun
 t - a +1 whip of venom
 A - a +1 dagger of venom (weapon)
 C - a +0 hunting sling
 G - a +0 long sword
Missiles
 e - 8 poisoned needles
 f - 2 curare-tipped needles
Armour
 c - a +0 robe
 d - a +0 cloak (worn)
 i - a cursed +1 ring mail (worn)
Jewellery
 o - a ring of see invisible (right hand)
 H - a ring of protection from cold (left hand)
Scrolls
 j - 2 scrolls of recharging {unknown}
 l - a scroll of blinking {unknown}
 n - 3 scrolls of identify {unknown}
 p - 3 scrolls of enchant armour
 q - 2 scrolls of remove curse {unknown}
 s - a scroll of random uselessness {unknown}
 y - 2 scrolls of teleportation {unknown}
 E - a scroll of enchant weapon {unknown}
Potions
 h - a potion of agility {unknown}
 k - 3 potions of heal wounds {unknown}
 r - a potion of cure mutation {unknown}
 v - 2 potions of might {unknown}
 x - 3 potions of curing {unknown}
 z - 2 potions of lignification {unknown}
 D - a potion of flight {unknown}
 F - 2 potions of magic {unknown}
Books
 u - a book of Minor Magic

   Spells                             Type                      Level
   a - Magic Dart                     Conjuration                  1
   b - Blink                          Translocation                2
   c - Call Imp                       Summoning                    2
   d - Repel Missiles                 Charms/Air                   2
   e - Slow                           Hexes                        2
   f - Conjure Flame                  Conjuration/Fire             3
   g - Mephitic Cloud                 Conjuration/Poison/Air       3
Comestibles
 g - 3 bread rations
 m - 2 fruits
 w - a meat ration
 B - a beef jerky


   Skills:
 - Level 1.7 Fighting
 - Level 2.4(2.6) Short Blades
 + Level 1.1(1.7) Long Blades
 - Level 2.0 Throwing
 + Level 5.2 Armour
 + Level 5.4 Dodging
 - Level 4.3 Stealth


You had 4 spell levels left.
You knew the following spells:

 Your Spells              Type           Power        Failure   Level  Hunger
a - Blink                 Tloc           N/A          93%         2    ###....


Dungeon Overview and Level Annotations

Branches:
Dungeon (4/15)
 Temple: D:4-7

Altars:
Elyvilon
Gozag
Ru

Shops:
D:4 =

Annotations:
D:4 Grinder


Innate Abilities, Weirdness & Mutations

You are small and have problems with some larger weapons.
You are somewhat resistant to further mutation.


Message History

You hit Grinder.
Grinder is moderately wounded.
You hit Grinder.
Grinder is heavily wounded.
Grinder gestures at you.
You suddenly lose the ability to move!
Grinder barely misses you.
Grinder looks more healthy.
Grinder gestures at you. Pain shoots through your body! Grinder hits you.
* * * LOW HITPOINT WARNING * * *
You writhe in agony.
* * * LOW HITPOINT WARNING * * *
Grinder hits you.
* * * LOW HITPOINT WARNING * * *
Grinder hits you.
* * * LOW HITPOINT WARNING * * *
You writhe in agony.
You die...

#.. ####### #.# #..
..### #.# #.###.#..
#.#
###.#..[#.#####.####
#..)................
#.#†#.###.#####.####
#>..................
###@#############.##
#...5# #... #....#
###. #....# #####.
#....# .......
#....# .######
#....# # ###### # #


You could see Grinder.

Vanquished Creatures
  A scorpion (D:4)
  A hound (D:4)
  2 orc priests (D:3)
  4 orc wizards
  A worker ant (D:4)
  6 adders
  4 gnolls (D:3)
  2 adder skeletons (D:4)
  A worm (D:4)
  2 dart slugs (D:3)
  2 leopard geckos (D:1)
  11 orcs
  A ball python (D:2)
  7 bats
  3 giant cockroaches
  5 goblins
  5 hobgoblins
  7 jackals (D:2)
  9 kobolds
  2 quokkas
  2 frilled lizards (D:2)
  A quokka skeleton (D:4)
  9 rats
88 creatures vanquished.

Notes
Turn   | Place    | Note
-------+----------+-------------------------------------------
     0 | D:1      | nono the Halfling Assassin began the quest for the Orb.
     0 | D:1      | Reached XP level 1. HP: 14/14 MP: 1/1
   169 | D:1      | Reached XP level 2. HP: 19/19 MP: 2/2
   172 | D:1      | Reached skill level 1 in Armour
   586 | D:2      | Reached XP level 3. HP: 24/24 MP: 3/3
  1260 | D:2      | Reached XP level 4. HP: 27/29 MP: 4/4
  1682 | D:3      | Reached XP level 5. HP: 21/34 MP: 5/5
  1863 | D:3      | Found a white marble altar of Elyvilon.
  1917 | D:3      | HP: 1/34 [orc priest/divine providence (11)]
  2313 | D:3      | Reached XP level 6. HP: 37/39 MP: 6/6
  2468 | D:4      | Learned a level 2 spell: Blink
  2804 | D:4      | Reached skill level 5 in Dodging
  2973 | D:3      | Found a faded altar of an unknown god.
  2973 | D:3      | Found a faded altar of an unknown god.
  2978 | D:3      | Found a faded altar of an unknown god.
  2980 | D:3      | Found a sacrificial altar of Ru.
  2982 | D:3      | Found a faded altar of an unknown god.
  3136 | D:3      | Reached skill level 5 in Armour
  3136 | D:3      | Reached XP level 7. HP: 14/44 MP: 7/7
  3639 | D:4      | Found an opulent altar of Gozag.
  3747 | D:4      | Found Gidyrphiede's Jewellery Shop.
  3956 | D:4      | Noticed Grinder
  3961 | D:4      | Reached skill level 1 in Long Blades
  3972 | D:4      | Paralysed by Grinder for 6 turns
  3977 | D:4      | HP: 1/44 [Grinder (4)]
  3977 | D:4      | Slain by Grinder

Skill      XL: |  1  2  3  4  5  6  7 |
---------------+----------------------+-----
Armour         | 1 2 3 4 5 |  5.2
Dodging        | 2 3 4 5 |  5.4
Long Blades    | 1 |  1.1
Fighting       | |  1.7
Short Blades   | |  2.4
Throwing       | |  2.0
Stealth        | |  4.3

Action                   |  1- 3 |  4- 6 |  7- 9 || total
-------------------------+-------+-------+-------++-------
Melee: Dagger            |    72 |    28 |    30 ||   130
       Whip              |    23 |   158 |       ||   181
  Use: Scroll            |       |       |     1 ||     1
 Stab: Sleeping          |     4 |     1 |     2 ||     7
       Distracted        |       |       |     1 ||     1
  Eat: Chunk             |     1 |     6 |     2 ||     9
Armor: Ring mail         |    40 |    67 |     2 ||   109
Dodge: Dodged            |    58 |   192 |    12 ||   262
